 Dungeon Crawl Stone Soup version 0.16.1-16-gc44b35d (webtiles) character file.

288175 Magnus the Warrior (level 19, -20/161 HPs)
             Began as a Mummy Gladiator on Apr 10, 2015.
             Was a High Priest of Kikubaaqudgha.
             Demolished by Frederick
             ... wielding a +0 double sword of holy wrath
              (25 damage)
             ... on level 4 of the Vaults on Apr 17, 2015.
             The game lasted 09:08:01 (77019 turns).

Magnus the Warrior (Mummy Gladiator)               Turns: 77019, Time: 09:08:02

Health: -20/161    AC: 29    Str: 20    XL:     19   Next: 88%
Magic:  24/33      EV: 24    Int:  7    God:    Kikubaaqudgha [*****.]
Gold:   965        SH:  0    Dex: 19    Spells: 4 memorised, 19 levels left

rFire  + . .     SeeInvis .     r - +7 great sword (protect)
rCold  + . .     Clarity  .     a - +1 ring mail {rF+}
rNeg   + + +     SustAb   .     (no shield)
rPois  ∞         Gourm    .     c - +2 helmet
rElec  .         Spirit   .     p - +2 cloak {MR+}
rCorr  .         Warding  .     Q - -1 pair of gloves of Prytaypn {rF+ Dex+3}
rMut   .         Stasis   .     I - +2 pair of boots
MR     +++..                    R - amulet of regeneration
Stlth  +.........               O - +4 ring of protection
                                q - +4 ring of slaying

@: extremely resistant to hostile enchantments, very unstealthy
A: no food or potions, fire vulnerability, in touch with death, restore body,
cold resistance 1, negative energy resistance 3, poison resistance, torment
resistance, unbreathing
a: Self-Restoration, Receive Corpses, Torment, Renounce Religion
}: 2/15 runes: barnacled, gossamer


You were on level 4 of the Vaults.
You worshipped Kikubaaqudgha.
Kikubaaqudgha was extremely pleased with you.
You were not hungry.

You visited 6 branches of the dungeon, and saw 41 of its levels.
You also visited: Ossuary and Ice Cave.

You collected 4125 gold pieces.
You spent 3160 gold pieces at shops.

Inventory:

Hand weapons
 r - a +7 great sword of protection (weapon)
 P - a +7 triple sword of slicing
Missiles
 d - 12 throwing nets (quivered)
Armour
 a - a +1 ring mail of fire resistance (worn)
 c - a +2 helmet (worn)
 p - a +2 cloak of magic resistance (worn)
 v - a fire dragon hide
 I - a +2 pair of boots (worn)
 Q - the -1 pair of gloves of Prytaypn (worn) {rF+ Dex+3}
   (You bought it in a shop on level 4 of the Orcish Mines)

   It affects your dexterity (+3).
   It protects you from fire.
Jewellery
 m - an uncursed ring of see invisible
 q - a +4 ring of slaying (left hand)
 x - an uncursed ring of protection from fire
 A - an uncursed ring of flight
 J - an uncursed ring of invisibility
 L - an uncursed amulet of stasis
 M - a +5 ring of strength
 O - a +4 ring of protection (right hand)
 R - an amulet of regeneration (around neck)
 T - an uncursed ring of wizardry
Magical devices
 g - a wand of teleportation (0)
 l - a wand of disintegration (16)
 o - a wand of cold (7)
 y - a wand of fireball (4)
 F - a wand of disintegration (10)
 G - a wand of lightning (5)
 N - a wand of digging (8)
 S - a wand of invisibility (3)
Scrolls
 b - 6 scrolls of fog
 f - 15 scrolls of remove curse
 h - 7 scrolls of recharging
 i - 2 scrolls of brand weapon
 j - 11 scrolls of identify
 n - 2 scrolls of summoning
 s - 3 scrolls of enchant armour
 t - a scroll of immolation
 u - 3 scrolls of magic mapping
 C - 11 scrolls of teleportation
 D - a scroll of fear
 H - 9 scrolls of amnesia
 K - 2 scrolls of torment
Books
 w - Kikubaaqudgha's Papyrus of Dark Secrets
   (Kikubaaqudgha gifted it to you on level 8 of the Dungeon)

   Spells                             Type                      Level
   a - Animate Dead                   Necromancy                   4
   b - Bolt of Draining               Conjuration/Necromancy       5
   c - Agony                          Necromancy                   5
   d - Dispel Undead                  Necromancy                   5
   e - Death Channel                  Necromancy                   6
 z - a book of Burglary

   Spells                             Type                      Level
   a - Swiftness                      Charms/Air                   2
   b - Passwall                       Transmutation/Earth          3
   c - Passage of Golubria            Translocation                4
   d - Lee's Rapid Deconstruction     Earth                        5
   e - Invisibility                   Hexes                        6
   f - Darkness                       Hexes                        7
 B - a book of Ice

   Spells                             Type                      Level
   a - Ice Form                       Ice/Transmutation            4
   b - Metabolic Englaciation         Hexes/Ice                    5
   c - Ozocubu's Refrigeration        Ice                          6
   d - Bolt of Cold                   Conjuration/Ice              6
   e - Freezing Cloud                 Conjuration/Ice/Air          6
   f - Simulacrum                     Ice/Necromancy               6


   Skills:
 + Level 17.3 Fighting
 + Level 15.2 Long Blades
 - Level 1.5 Throwing
 * Level 13.1 Armour
 + Level 16.7 Dodging
 - Level 8.0 Spellcasting
 - Level 10.0 Necromancy


You had 19 spell levels left.
You knew the following spells:

 Your Spells              Type           Power        Failure   Level  Hunger
a - Animate Dead          Necr           N/A          6%          4    N/A
b - Corpse Rot            Necr           N/A          1%          2    N/A
c - Control Undead        Necr           ####......   6%          4    N/A
d - Agony                 Necr           ####....     14%         5    N/A

Dungeon Overview and Level Annotations

Branches:
Dungeon (15/15)            Temple (0/1) D:7            Lair (8/8) D:8
 Shoals (5/5) Lair:4       Spider (5/5) Lair:4        Slime (0/6) Lair:6
    Orc (4/4) D:12            Elf (0/3) Orc:4        Vaults (4/5) D:14
  Crypt (0/3) Vaults:3     Depths (0/5) D:15

Altars:
Dithmenos
Gozag
Kikubaaqudgha
Makhleb
Okawaru
Ru
Sif Muna
Trog
Vehumet
Yredelemnul
Zin
The Shining One
Beogh

Shops:
D:14 !:=(*   D:15 [   Orc:4 :([*   Shoals:5 ?   Vaults:2 [=[!   Vaults:3 !

Annotations:
D:11 exclusion: oklob plant
Vaults:4 Frederick


Innate Abilities, Weirdness & Mutations

You do not eat or drink.
Your flesh is vulnerable to fire.
You are in touch with the powers of death.
You can restore your body by infusing magical energy.
Your flesh is cold resistant.
You are immune to negative energy.
Your system is resistant to poisons.
You are immune to unholy pain and torment.
You can survive without breathing.


Message History

The spriggan defender hits you but does no damage.
You slash Frederick!
Frederick is lightly wounded.
The spellforged servitor casts a spell at you.
The iron shot hits you!
Ouch! That really hurt!
Frederick casts a spell at you. The iron shot hits you!
* * * LOW HITPOINT WARNING * * *
The spriggan defender hits you with a rapier of draining.
* * * LOW HITPOINT WARNING * * *
Your human zombie misses the spellforged servitor.
Your ice dragon zombie bites Frederick but does no damage.
Your ice dragon zombie claws Frederick but does no damage.
Your ice dragon zombie tramples Frederick but does no damage.
The spriggan defender hits you but does no damage.
Frederick says, "Perhaps I should have been a lumberjack.
The trees might put up more of a fight."
Frederick hits you with a double sword of holy wrath!!
You die...
Kikubaaqudgha rasps: "You have failed me!
Welcome... oblivion!"

#....###....#..#.i......
#...........#.p#.T......
#..#.....#..#e.#.......
#.##.....##.#Z.#......
#..#.....#..'..##########
#..........e#............
#....###....#........#+#
#.....#..Zi@#........#
#.......Z8@Z#......###
#######'#####......#
#.......# #......#
#.......# #......#
#.......# #......#
#.......# #......#
#.....%.# #......#
#.......# #......#
#.......# #........+


You could see Frederick, a spellforged servitor, a spriggan defender, an
ironbrand convoker, a deep elf conjurer, a deep elf fighter, a friendly ice
dragon zombie, a friendly cyclops zombie and 2 friendly human zombies.

Vanquished Creatures
  Mara (Spider:3)
  Arachne (Spider:3)
  2 liches (Vaults:4)
  A sphinx (Vaults:3)
  A fire giant (Vaults:4)
  A frost giant (Vaults:4)
  Maud (D:14)
  A deep elf sorcerer (Vaults:3)
  2 ghost moths
  3 emperor scorpions (Spider:5)
  6 vault wardens
  An orc warlord (Orc:4)
  10 ironheart preservers
  A stone giant (Vaults:2)
  A dire elephant (D:15)
  Azrael (Spider:4)
  A merfolk javelineer (Shoals:5)
  Snorg (Orc:1)
  4 vault guards
  3 fire dragons
  2 merfolk impalers
  9 ogre magi
  9 yaktaur captains
  Fannar (D:13)
  7 great orbs of eyes
  Erica (Lair:4)
  A catoblepas (Shoals:3)
  7 centaur warriors
  2 orc high priests
  A tengu warrior (D:13)
  12 death yaks
  Urug (D:13)
  2 deep elf knights
  9 sea snakes
  2 giant orange brains
  5 skeletal warriors (Vaults:2)
  3 unseen horrors
  5 deep trolls
  6 hill giants
  2 flayed ghosts
  2 deep elf summoners (Vaults:3)
  A necromancer (Vaults:3)
  13 orc knights
  9 ironbrand convokers
  An octopode (shapeshifter) (Vaults:2)
  10 harpies
  21 ugly things
  A phantasmal warrior (Vaults:2)
  4 hornets
  2 water nymphs
  24 wolf spiders
  2 orb spiders
  A stone giant zombie (Vaults:3)
  4 manticores
  A moth of wrath (Spider:5)
  3 wizards
  A water nymph (shapeshifter) (Vaults:1)
  5 griffons
  7 elephants
  9 orc sorcerers
  8 cyclopes
  2 sirens
  10 vault sentinels
  7 spiny frogs
  Joseph (D:9)
  A torpor snail (Spider:1)
  The ghost of MajorHonor the Carver, an experienced MiGl of Okawaru (D:5)
  3 centaur skeletons
  6 demonic crawlers
  3 gargoyles
  13 kobold demonologists
  A yaktaur (shapeshifter) (D:14)
  6 komodo dragons
  An orange demon (Vaults:3)
  12 trolls
  20 yaktaurs
  A spiny frog (shapeshifter) (Vaults:4)
  A tengu conjurer (D:13)
  3 deep elf priests
  A queen bee (Lair:2)
  A queen bee (shapeshifter) (Vaults:2)
  12 polar bears (IceCv)
  16 merfolk
  3 freezing wraiths
  3 fire drakes
  A blue devil (Vaults:3)
  5 blink frogs
  15 two-headed ogres
  10 jumping spiders
  2 baby alligators (shapeshifter)
  12 slime creatures
  2 blink frogs (shapeshifter)
  2 trapdoor spider zombies
  A fire giant simulacrum (Vaults:3)
  7 boulder beetles
  11 trapdoor spiders
  A griffon zombie (Vaults:4)
  5 ravens
  5 basilisks
  A centaur simulacrum (D:13)
  25 redbacks
  2 wyverns
  3 snapping turtles
  17 tarantellas
  2 shadows (D:13)
  5 wraiths
  A chaos spawn (D:13)
  4 water elementals
  3 deep elf magi
  A human simulacrum (Vaults:3)
  39 yaks
  2 fire elementals (Spider:4)
  9 deep elf fighters
  9 hippogriffs
  A steam dragon (Lair:4)
  3 hungry ghosts
  7 vampire mosquitoes
  A large abomination (D:15)
  Edmund (D:7)
  A warg (Orc:2)
  43 orc warriors
  A soldier ant (D:12)
  3 sky beasts
  2 hell hounds (Spider:4)
  7 porcupines
  2 black bears
  39 wolves
  9 spiders
  17 ice beasts
  11 water moccasins
  36 centaurs
  6 boggarts
  A black bear (shapeshifter) (D:13)
  6 phantoms
  40 ogres
  A boring beetle (Lair:5)
  8 small abominations
  An eye of draining (D:10)
  2 necrophages
  8 crocodiles
  Sigmund (D:6)
  12 giant frogs
  2 wyvern zombies
  8 big kobolds
  4 scorpions
  25 killer bees
  7 crimson imps
  4 centaur zombies
  An oklob sapling (D:11)
  5 giant frog zombies
  13 hounds
  8 bog bodies (Ossuary)
  11 jellies
  A quasit (D:9)
  29 orc priests
  Crazy Yiuf (D:4)
  A human zombie (D:5)
  4 goliath beetles
  35 orc wizards
  6 giant frog skeletons
  11 iguanas
  16 sheep
  4 worker ants
  A killer bee zombie (D:6)
  Jessica (D:2)
  2 hound zombies (Ossuary)
  11 mummies
  3 worker ant zombies
  11 gnolls
  30 adders
  33 river rats
  A scorpion zombie (Spider:4)
  A white imp (D:13)
  2 worms
  3 shadow imps
  2 giant mites
  An ufetubus (D:11)
  5 adder zombies
  2 giant geckos
  2 oozes
  169 orcs
  6 ball pythons (D:11)
  18 bats
  2 bat zombies (Ossuary)
  5 giant cockroaches
  20 goblins
  19 hobgoblins
  11 jackals
  14 quokkas
  A giant cockroach zombie (Ossuary)
  4 giant newts
  A goblin skeleton (D:4)
  3 goblin zombies
  A hobgoblin zombie (D:4)
  2 jackal zombies
  18 kobolds
  3 kobold skeletons (D:4)
  An orc skeleton (D:4)
  4 orc zombies
  11 rats
  3 ballistomycetes
  2 fungi (Lair:8)
  5 plants
1489 creatures vanquished.

Vanquished Creatures (collateral kills)
  Polyphemus (Shoals:3)
  Rupert (Spider:4)
  Agnes (Spider:4)
  Kirke (Spider:2)
  Ilsuiw (Shoals:5)
  2 frost giants
  5 vault wardens
  Gastronok (Orc:3)
  A ghost moth (Spider:5)
  4 ironheart preservers
  4 stone giants (Vaults:2)
  Jorgrun (Shoals:4)
  3 emperor scorpions
  4 merfolk javelineers (Shoals:5)
  2 fire dragons
  9 merfolk impalers
  4 hydras
  A great orb of eyes (Vaults:2)
  4 ogre magi
  3 catoblepae (Lair:8)
  2 merfolk avatars (Shoals:5)
  2 hydras (shapeshifter)
  2 centaur warriors
  7 merfolk aquamancers
  2 alligator snapping turtles
  12 death yaks
  An unseen horror (D:14)
  A deep troll (Vaults:2)
  10 sea snakes
  An ironbrand convoker (Vaults:2)
  4 hill giants
  9 ugly things
  18 harpies
  2 orc knights
  13 griffons
  4 moths of wrath
  4 fauns
  4 large abominations (D:15)
  12 orb spiders
  2 oklob plants
  An orc sorcerer (Vaults:4)
  5 hornets
  2 cyclopes
  17 manticores
  7 wolf spiders
  3 vault sentinels
  14 elephants
  A drowned soul (Shoals:5)
  4 water nymphs
  11 sirens
  2 black mambas
  A torpor snail (Spider:4)
  An orange crystal statue (Shoals:1)
  A centaur skeleton (D:15)
  2 redback zombies
  A wandering mushroom (D:14)
  6 spiny frogs
  5 yaktaurs
  2 komodo dragons
  A smoke demon (Vaults:3)
  A trapdoor spider zombie (Spider:5)
  5 demonic crawlers
  2 kobold demonologists (Vaults:3)
  11 jumping spiders
  22 merfolk
  2 wind drakes
  2 trolls
  A polar bear (IceCv)
  A wind drake (shapeshifter) (Vaults:3)
  10 slime creatures
  5 blink frogs
  A jumping spider zombie (Spider:3)
  A tarantella zombie (Spider:4)
  5 two-headed ogres
  A hornet zombie (Vaults:3)
  11 snapping turtles
  5 boulder beetles
  A basilisk (Lair:5)
  45 redbacks
  22 trapdoor spiders
  2 water elementals
  16 tarantellas
  A wraith (D:13)
  30 yaks
  8 hippogriffs
  3 vampire mosquitoes
  2 fire elementals (Spider:4)
  A warg (Orc:4)
  5 hogs (Spider:2)
  10 wolves
  2 deep elf fighters
  2 hell hounds (Spider:4)
  2 mottled dragons (Vaults:2)
  5 porcupines
  8 water moccasins
  5 spiders
  7 orc warriors
  A sky beast (D:7)
  A black bear (D:11)
  9 centaurs
  An ice beast (D:8)
  An eye of draining (D:8)
  A black bear (shapeshifter) (Vaults:2)
  A boring beetle (Lair:8)
  5 boggarts
  4 crocodiles
  11 ogres
  2 big kobolds
  9 giant frogs
  2 scorpions
  15 killer bees
  A jelly (Lair:6)
  A crimson imp (D:13)
  2 electric eels (Spider:4)
  A goliath beetle (D:8)
  3 hounds
  A hell rat (Vaults:3)
  2 giant frog skeletons
  7 orc priests
  2 iguanas
  2 orc wizards
  2 worker ants
  14 sheep
  3 adders (Lair:8)
  18 river rats
  A white imp (D:13)
  A worm (shapeshifter) (Vaults:3)
  A giant eyeball (Spider:1)
  An ufetubus (Vaults:3)
  An adder skeleton (D:7)
  An ooze (Lair:6)
  53 orcs
  3 goblins
  A hobgoblin (Orc:4)
  3 jackals (D:11)
  6 quokkas
  A bat (D:9)
  3 kobolds
  A rat (Orc:3)
  A ballistomycete (D:14)
  A crawling corpse (Vaults:3)
  8 fungi
  15 plants
739 creatures vanquished.

Vanquished Creatures (others)
  An eldritch tentacle (Vaults:3)
  A kraken zombie (Shoals:5)
  A death yak (IceCv)
  A sea snake (Shoals:5)
  13 ugly thing zombies
  18 wolf spider zombies
  2 stone giant zombies (Vaults:2)
  A siren (Shoals:5)
  6 drowned souls (Shoals:5)
  13 sea snake zombies
  An emperor scorpion zombie (Spider:4)
  A catoblepas zombie (Lair:8)
  9 death yak zombies
  A yaktaur skeleton (Vaults:1)
  3 demonic crawler zombies
  3 hydra zombies
  9 redback zombies
  10 harpy zombies
  2 polar bears (IceCv)
  7 jumping spider zombies
  15 trapdoor spider zombies
  13 tarantella zombies
  4 fire dragon zombies
  3 hornet zombies
  An ice dragon zombie (Vaults:3)
  5 griffon zombies
  3 black mamba zombies
  12 elf zombies
  A spriggan zombie (Spider:4)
  3 wind drake zombies (Shoals:5)
  A yak (IceCv)
  12 hill giant zombies
  2 deep troll zombies (Vaults:2)
  52 human zombies
  3 water nymph zombies
  6 faun zombies
  18 merfolk zombies
  5 spiny frog zombies
  9 orb spider zombies
  8 snapping turtle zombies
  3 blink frog zombies
  4 elephant zombies
  10 manticore zombies
  A merfolk skeleton (Shoals:5)
  A boggart (Vaults:3)
  A vampire mosquito zombie (Vaults:2)
  A fire drake zombie (Lair:5)
  A wyvern zombie (Lair:2)
  A lost soul (Vaults:1)
  21 yaktaur zombies
  2 fire crab zombies (Vaults:1)
  11 spider zombies
  2 komodo dragon zombies
  2 hell hound zombies (Spider:4)
  A human skeleton (Vaults:1)
  5 water moccasin zombies
  4 cyclops zombies
  31 yak zombies
  2 warg zombies
  8 boulder beetle zombies
  3 troll zombies
  12 hippogriff zombies
  8 polar bear zombies (IceCv)
  10 wolf zombies
  A killer bee (D:14)
  2 wolf skeletons
  A troll skeleton (Orc:4)
  7 two-headed ogre zombies
  A basilisk zombie (Lair:5)
  25 centaur zombies
  A black bear zombie (Lair:2)
  5 porcupine zombies
  9 giant frog zombies
  A black bear skeleton (D:9)
  4 giant frog skeletons
  A centaur skeleton (D:10)
  An elf skeleton (D:8)
  A porcupine skeleton (Lair:1)
  25 ogre zombies
  A crocodile skeleton (Lair:1)
  4 crocodile zombies
  15 killer bee zombies
  A big kobold zombie (D:13)
  3 mottled dragon zombies
  8 hound zombies
  4 hound skeletons
  A worker ant zombie (D:12)
  4 scorpion zombies
  A worm zombie (D:14)
  A goliath beetle zombie (D:15)
  3 sheep zombies (Lair:6)
  2 adder skeletons
  8 adder zombies
  2 iguana zombies
  142 orc zombies
  A sheep skeleton (Vaults:2)
  An orc (Orc:4)
  3 bat skeletons
  3 bat zombies
  2 gnoll skeletons (D:8)
  A giant cockroach zombie (D:12)
  A giant gecko skeleton (D:9)
  A giant gecko zombie (D:12)
  2 giant newt zombies
  2 giant spores
  A goblin skeleton (D:7)
  9 goblin zombies
  3 hobgoblin skeletons
  7 hobgoblin zombies
  2 kobold skeletons (D:7)
  4 kobold zombies
  9 orc skeletons
  A quokka skeleton (Lair:1)
  5 quokka zombies
  A rat (D:10)
  A rat zombie (D:15)
  A river rat skeleton (Lair:1)
  5 river rat zombies
  A bush (Lair:8)
  95 eldritch tentacle segments (Vaults:3)
  5 fungi (Lair:8)
  17 plants
  6 tentacles (Shoals:5)
  298 tentacle segments (Shoals:5)
1197 creatures vanquished.

Grand Total: 3425 creatures vanquished

Notes
Turn   | Place    | Note
--------------------------------------------------------------
     0 | D:1      | Magnus, the Mummy Gladiator, began the quest for the Orb.
     0 | D:1      | Reached XP level 1. HP: 16/16 MP: 1/1
   192 | D:1      | Reached XP level 2. HP: 17/22 MP: 2/2
   969 | D:2      | Reached XP level 3. HP: 28/28 MP: 3/3
  1125 | D:2      | Noticed Jessica
  1132 | D:2      | Killed Jessica
  1198 | D:2      | Reached skill level 3 in Dodging
  1652 | D:3      | Reached XP level 4. HP: 34/34 MP: 4/4
  1809 | D:3      | Found an opulent altar of Gozag.
  2560 | D:3      | Reached XP level 5. HP: 17/41 MP: 5/5
  3168 | D:4      | Noticed Crazy Yiuf
  3182 | D:4      | Killed Crazy Yiuf
  3395 | D:4      | Found a radiant altar of Vehumet.
  3408 | D:4      | Found a glowing golden altar of the Shining One.
  3693 | D:4      | Reached XP level 6. HP: 45/48 MP: 6/6
  3753 | D:4      | Reached skill level 4 in Dodging
  4150 | D:5      | Entered Level 5 of the Dungeon
  4236 | D:5      | Found a sand-covered staircase.
  4244 | D:5      | Noticed MajorHonor's ghost (experienced MiGl)
  4414 | Ossuary  | Entered an ossuary
  4597 | Ossuary  | Reached XP level 7. HP: 51/55 MP: 7/7
  4797 | Ossuary  | Reached skill level 5 in Fighting
  5021 | Ossuary  | Reached skill level 5 in Dodging
  5130 | Ossuary  | Reached skill level 5 in Long Blades
  5731 | D:5      | Reached XP level 8. HP: 57/63 MP: 8/8
  6160 | D:5      | Killed MajorHonor's ghost
  6160 | D:5      | Reached skill level 6 in Fighting
  7116 | D:5      | Found an ancient bone altar of Kikubaaqudgha.
  7122 | D:5      | Became a worshipper of Kikubaaqudgha
  7443 | D:6      | Noticed Sigmund
  7911 | D:6      | Reached XP level 9. HP: 71/71 MP: 9/9
  8350 | D:6      | Acquired Kikubaaqudgha's first power
  8350 | D:6      | Received a gift from Kikubaaqudgha
  8351 | D:6      | Identified Kikubaaqudgha's Tome of Sinister Rituals (Kikubaaqudgha gifted it to you on level 6 of the Dungeon)
  8354 | D:6      | Learned a level 1 spell: Animate Skeleton
  8388 | D:6      | Found a shadowy altar of Dithmenos.
  8400 | D:6      | Reached skill level 1 in Necromancy
  8625 | D:6      | Killed Sigmund
  8990 | D:6      | Learned a level 2 spell: Corpse Rot
  9149 | D:6      | Found a glowing silver altar of Zin.
  9807 | D:7      | Found a staircase to the Ecumenical Temple.
  9815 | D:7      | Acquired Kikubaaqudgha's second power
 10072 | D:7      | Reached skill level 5 in Necromancy
 10135 | D:7      | Learned a level 4 spell: Control Undead
 10515 | D:7      | Found a sacrificial altar of Ru.
 10812 | D:7      | Found a deep blue altar of Sif Muna.
 11429 | D:8      | Noticed Edmund
 11448 | D:7      | Killed Edmund
 11448 | D:7      | Reached skill level 7 in Necromancy
 11539 | D:8      | Found a staircase to the Lair.
 11919 | D:8      | Found a bloodstained altar of Trog.
 11920 | D:8      | Found a basalt altar of Yredelemnul.
 12172 | D:8      | Found an iron altar of Okawaru.
 12181 | D:8      | Received a gift from Kikubaaqudgha
 12182 | D:8      | Identified Kikubaaqudgha's Papyrus of Dark Secrets (Kikubaaqudgha gifted it to you on level 8 of the Dungeon)
 12359 | D:8      | Reached XP level 10. HP: 77/79 MP: 10/10
 12395 | Lair:1   | Entered Level 1 of the Lair of Beasts
 13097 | D:9      | Noticed Joseph
 13941 | D:9      | Reached skill level 8 in Fighting
 14060 | D:9      | Found a burning altar of Makhleb.
 14612 | D:10     | Entered Level 10 of the Dungeon
 14621 | D:10     | Acquired Kikubaaqudgha's third power
 15999 | D:10     | Reached skill level 9 in Fighting
 15999 | D:10     | Reached XP level 11. HP: 83/89 MP: 11/11
 16005 | D:10     | Learned a level 4 spell: Animate Dead
 17354 | D:11     | Acquired Kikubaaqudgha's fourth power
 18101 | D:11     | Noticed an ice devil
 19683 | Lair:1   | Reached skill level 10 in Fighting
 20812 | Lair:2   | You fall through a shaft for 2 floors!
 20914 | Lair:4   | Found a hole to the Spider Nest.
 21363 | Lair:4   | Reached XP level 12. HP: 98/98 MP: 12/12
 21545 | Lair:3   | Reached skill level 1 in Spellcasting
 21629 | Lair:3   | Noticed Erica
 21647 | Lair:4   | Killed Erica
 23790 | Lair:2   | Noticed a five-headed hydra
 24075 | Lair:2   | Reached skill level 11 in Fighting
 24485 | Lair:2   | Noticed a four-headed hydra
 24499 | Lair:2   | Killed a four-headed hydra
 24876 | Lair:1   | Reached skill level 10 in Dodging
 25206 | Lair:2   | Killed a five-headed hydra
 26017 | Lair:4   | Found a staircase to the Shoals.
 26800 | Lair:5   | Reached skill level 10 in Long Blades
 27499 | Lair:5   | Reached XP level 13. HP: 106/106 MP: 24/24
 28104 | Lair:5   | Reached skill level 5 in Spellcasting
 28795 | Lair:6   | Found a staircase to the Slime Pits.
 29837 | Lair:6   | Reached skill level 12 in Fighting
 30277 | Lair:6   | Found a staircase to the Shoals.
 30612 | Lair:7   | Upgraded the game from 0.16.1-12-gf5c4a84 to 0.16.1-14-g82efdee
 31722 | Lair:8   | Entered Level 8 of the Lair of Beasts
 33037 | Lair:8   | Reached XP level 14. HP: 84/116 MP: 29/29
 34157 | D:9      | Killed Joseph
 34470 | D:12     | Reached skill level 13 in Fighting
 34621 | D:12     | Found a frozen archway.
 34697 | IceCv    | Entered an ice cave
 35704 | IceCv    | Noticed a frost giant
 36255 | IceCv    | Killed a frost giant
 37077 | D:12     | Found a staircase to the Orcish Mines.
 38369 | Orc:1    | Entered Level 1 of the Orcish Mines
 38847 | Orc:2    | Found Hacad's Magic Scroll Shoppe.
 38865 | Orc:2    | Bought a scroll of identify for 22 gold pieces
 38865 | Orc:2    | Bought a scroll of enchant weapon for 82 gold pieces
 38865 | Orc:2    | Bought a scroll of identify for 22 gold pieces
 38865 | Orc:2    | Bought a scroll of identify for 22 gold pieces
 38865 | Orc:2    | Bought a scroll of fear for 38 gold pieces
 38865 | Orc:2    | Bought a scroll of teleportation for 33 gold pieces
 38865 | Orc:2    | Bought a scroll of blinking for 82 gold pieces
 39283 | Orc:3    | Found a staircase to the Elven Halls.
 39312 | Orc:3    | Noticed Gastronok
 39355 | Orc:3    | Killed Gastronok
 39747 | Orc:3    | Found a roughly hewn altar of Beogh.
 40524 | Orc:1    | Noticed Snorg
 41041 | Orc:1    | Killed Snorg
 41411 | Orc:4    | Entered Level 4 of the Orcish Mines
 42503 | Orc:4    | Found Mnast's Book Boutique.
 42551 | Orc:3    | Reached XP level 15. HP: 102/125 MP: 28/30
 42905 | Orc:4    | Found Pluawavi's Antique Armour Emporium.
 43175 | Orc:4    | Found a staircase to the Elven Halls.
 43406 | Orc:4    | Found Ciotuthra's General Store.
 43620 | Orc:4    | Noticed an orc warlord
 43643 | Orc:4    | Killed an orc warlord
 44238 | Orc:4    | Found Agheufoz's Antique Weapon Shop.
 44495 | Orc:4    | Bought the cursed -1 pair of gloves of Prytaypn {rF+ Dex+3} for 201 gold pieces
 44708 | Orc:4    | Bought a faintly glowing ring mail for 216 gold pieces
 44708 | Orc:4    | Bought a brightly glowing plate armour for 672 gold pieces
 44764 | Orc:4    | Identified the +9 plate armour "Fioli" {+Inv Str-3 Int+2} (You bought it in a shop on level 4 of the Orcish Mines)
 44776 | Orc:4    | Identified the +3 ring mail of the Apprentice {-Cast rElec Dex+5} (You bought it in a shop on level 4 of the Orcish Mines)
 44927 | Orc:2    | Bought a scroll of brand weapon for 220 gold pieces
 44927 | Orc:2    | Bought a scroll of recharging for 104 gold pieces
 45211 | D:13     | Noticed Urug
 45228 | D:13     | Killed Urug
 45470 | D:13     | Noticed Fannar
 45496 | D:13     | Killed Fannar
 45496 | D:13     | Reached skill level 14 in Fighting
 46778 | D:14     | Found Qoeprock's General Store.
 46821 | D:14     | Noticed Maud
 46834 | D:14     | Killed Maud
 46834 | D:14     | Reached skill level 10 in Necromancy
 47051 | D:14     | Reached skill level 1 in Armour
 47071 | D:14     | Found Kliria's Jewellery Shop.
 47351 | D:14     | Found Yjutuilo's Weapon Shoppe.
 47381 | D:14     | Found Misocsea's Book Shop.
 47482 | D:14     | Found a gate to the Vaults.
 47522 | D:14     | Found Agao's Distillery.
 48002 | D:15     | Entered Level 15 of the Dungeon
 48002 | D:15     | Found Goax's Armour Shop.
 48757 | D:15     | Found a staircase to the Depths.
 49522 | D:12     | Reached XP level 16. HP: 104/134 MP: 31/31
 49826 | Lair:1   | Learned a level 5 spell: Agony
 49935 | Shoals:1 | Entered Level 1 of the Shoals
 51821 | Shoals:2 | Found a deep blue altar of Sif Muna.
 51829 | Shoals:2 | Reached skill level 5 in Armour
 52990 | Shoals:3 | Noticed Polyphemus
 53241 | Shoals:3 | Reached skill level 15 in Fighting
 53481 | Shoals:3 | Killed Polyphemus
 55164 | Shoals:5 | Entered Level 5 of the Shoals
 55261 | Shoals:5 | Found Xybihus' Magic Scroll Emporium.
 55284 | Shoals:5 | Noticed Jorgrun
 55502 | Shoals:4 | Killed Jorgrun
 55824 | Shoals:5 | Noticed Ilsuiw
 55828 | Shoals:5 | HP: 4/136 [merfolk javelineer/javelin (8)]
 57032 | Shoals:5 | Killed Ilsuiw
 57032 | Shoals:5 | Reached skill level 15 in Dodging
 57032 | Shoals:5 | Reached XP level 17. HP: 142/142 MP: 32/32
 57093 | Shoals:5 | Bought a scroll of teleportation for 60 gold pieces
 57093 | Shoals:5 | Bought a scroll of identify for 40 gold pieces
 57093 | Shoals:5 | Bought a scroll of identify for 40 gold pieces
 57093 | Shoals:5 | Bought a scroll of identify for 40 gold pieces
 57093 | Shoals:5 | Bought a scroll of blinking for 150 gold pieces
 57093 | Shoals:5 | Bought a scroll of identify for 40 gold pieces
 57093 | Shoals:5 | Bought a scroll of identify for 40 gold pieces
 57093 | Shoals:5 | Bought a scroll of identify for 40 gold pieces
 57093 | Shoals:5 | Bought a scroll of enchant armour for 150 gold pieces
 57110 | Shoals:5 | Got a fine copper ring
 57111 | Shoals:5 | Identified the ring of the Commoners {Contam rN+ Int+6 Dex+2} (You found it on level 5 of the Shoals)
 57289 | Shoals:5 | Got a barnacled rune of Zot
 57920 | Spider:1 | Entered Level 1 of the Spider Nest
 58405 | Spider:1 | Got a bloodstained plate armour
 59441 | Spider:2 | Noticed Kirke
 59453 | Spider:2 | Killed Kirke
 59906 | Spider:3 | Noticed Mara
 59925 | Spider:3 | Noticed Magnus' illusion
 59936 | Spider:3 | Killed Mara
 60157 | Spider:3 | Noticed Arachne
 60166 | Spider:3 | Killed Arachne
 61244 | Spider:4 | Noticed Azrael
 61250 | Spider:4 | Noticed Agnes
 61257 | Spider:4 | Killed Azrael
 61277 | Spider:4 | Killed Agnes
 61495 | Spider:4 | Your ally Agnes died
 61988 | Spider:4 | Noticed Rupert
 62000 | Spider:4 | Killed Rupert
 62869 | Spider:5 | Entered Level 5 of the Spider Nest
 64280 | Spider:5 | Reached skill level 10 in Armour
 64280 | Spider:5 | Reached XP level 18. HP: 82/151 MP: 0/32
 64505 | Spider:5 | Got a gossamer rune of Zot
 65018 | Lair:1   | Identified the +3 plate armour "Unahuinunk" {rF- rC+ Int+2 SInv} (You found it on level 1 of the Spider Nest)
 65166 | D:10     | Noticed a hill giant
 65171 | D:10     | Killed a hill giant
 65340 | Vaults:1 | Entered Level 1 of the Vaults
 65432 | Vaults:1 | Reached skill level 16 in Fighting
 69295 | Vaults:2 | Found Obbir's Antique Armour Boutique.
 69757 | Vaults:2 | Noticed a golden dragon
 69757 | Vaults:2 | a golden dragon changed into an iron dragon
 69763 | Vaults:2 | Noticed a caustic shrike
 69763 | Vaults:2 | an iron dragon changed into a caustic shrike
 69771 | Vaults:2 | a caustic shrike changed into a stone giant
 71101 | Vaults:2 | Found Thowkul's Jewellery Boutique.
 71356 | Vaults:2 | Found Psiosuch's Antique Armour Boutique.
 71625 | Vaults:2 | Bought a fine ring mail for 306 gold pieces
 71636 | Vaults:2 | Identified the +5 ring mail of the Ecumenical Temple {-Tele rN+ rCorr Int+4} (You bought it in a shop on level 2 of the Vaults)
 71914 | Vaults:2 | Reached XP level 19. HP: 87/159 MP: 21/33
 72408 | Vaults:2 | Found Larph's Distillery.
 72977 | D:14     | Bought an uncursed amulet of regeneration for 540 gold pieces
 73718 | Vaults:3 | Found a staircase to the Crypt.
 73718 | Vaults:3 | Found an ancient bone altar of Kikubaaqudgha.
 73719 | Vaults:3 | Found a basalt altar of Yredelemnul.
 74135 | Vaults:3 | Found Plaasch's Distillery.
 74800 | Vaults:3 | Reached skill level 17 in Fighting
 75073 | Vaults:3 | Reached skill level 15 in Long Blades
 76127 | Vaults:3 | Upgraded the game from 0.16.1-14-g82efdee to 0.16.1-16-gc44b35d
 76423 | Vaults:4 | HP: 6/161 [ice dragon/blast of cold (9)]
 76809 | Vaults:4 | Noticed Frederick
 77018 | Vaults:4 | HP: 4/161 [spriggan defender/rapier of draining (6)]
 77019 | Vaults:4 | Demolished by Frederick

Action                   |  1- 3 |  4- 6 |  7- 9 | 10-12 | 13-15 | 16-18 | 19-21 || total
-------------------------+-------+-------+-------+-------+-------+-------+-------++-------
Melee: Long sword        |   153 |   301 |   432 |       |       |       |       ||   886
       Great sword       |       |       |   127 |   925 |  1775 |  1413 |   719 ||  4959
Throw: Throwing net      |       |     4 |     5 |     4 |       |       |       ||    13
       Tomahawk          |       |       |       |       |     2 |       |       ||     2
 Cast: Animate Skeleton  |       |       |    25 |    19 |       |       |       ||    44
       Animate Dead      |       |       |       |    42 |   183 |   226 |    56 ||   507
       Corpse Rot        |       |       |       |     1 |       |     1 |       ||     2
       Agony             |       |       |       |       |       |     1 |       ||     1
Invok: Receive Corpses   |       |       |     2 |    13 |    70 |    67 |    25 ||   177
       Torment           |       |       |       |       |     3 |     1 |     1 ||     5
Evoke: Wand              |       |       |       |     4 |     8 |     8 |     1 ||    21
  Use: Scroll            |       |       |    15 |    18 |    16 |    29 |     2 ||    80
 Stab: Held in net/web   |       |       |     2 |     2 |       |       |       ||     4
       Distracted        |       |       |       |     7 |    31 |    38 |    14 ||    90
       Petrifying        |       |       |       |       |       |     1 |       ||     1
